 Dungeon Crawl Stone Soup version 0.27.0-1-g7a08968 (webtiles) character file.

Game seed: 16988453732466860460

231 PanicHappy the Slasher (level 6, 0/53 HPs)
             Began as a Gnoll Chaos Knight on Sept 16, 2021.
             Was a Plaything of Xom.
             Slain by Sigmund (1 damage)
             ... on level 3 of the Dungeon.
             The game lasted 00:10:12 (2811 turns).

PanicHappy the Slasher (Gnoll Chaos Knight)         Turns: 2811, Time: 00:10:13

Health: 0/53       AC:  8    Str: 15    XL:     6   Next: 4%
Magic:  8/8        EV: 12    Int: 10    God:    Xom [.*....]
Gold:   105        SH:  0    Dex: 11    Spells: 8/8 levels left

rFire    . . .     SeeInvis .   a - +0 falchion (chaos)
rCold    . . .     Faith    .   (no shield)
rNeg     + . .     Spirit   .   b - +2 leather armour
rPois    .         Reflect  .   o - +0 helmet
rElec    .         Harm     .   k - +0 cloak
rCorr    .         Rampage  .   (no gloves)
Will     .....                  (no boots)
Stlth    +.........             (no amulet)
HPRegen  0.17/turn              j - ring of positive energy
MPRegen  0.11/turn              (no ring)

@: no status effects
A: fangs 1, strong nose, distributed training, dopey 1, screaming 1, strong 1
a: Renounce Religion


You were on level 3 of the Dungeon.
You worshipped Xom.
You were a plaything of Xom.
You visited 1 branch of the dungeon, and saw 3 of its levels.

You collected 105 gold pieces.

Inventory:

Hand Weapons
 a - a +0 falchion of chaos (weapon)
 g - a +0 hunting sling
 n - a +0 club
Missiles
 c - a throwing net (quivered)
Armour
 b - a +2 leather armour (worn)
 k - a +0 cloak (worn)
 o - a +0 helmet (worn)
Jewellery
 j - a ring of positive energy (left hand)
Scrolls
 d - a scroll of torment {unknown}
 e - 2 scrolls of fog {unknown}
 l - a scroll of brand weapon {unknown}
Potions
 f - a potion of degeneration {unknown}
 h - 3 potions of flight {unknown}
 i - a potion of attraction {unknown}
 m - a potion of invisibility {unknown}


   Skills:
 + Level 6.7 Fighting
 + Level 1.7 Short Blades
 + Level 6.7 Long Blades
 + Level 1.7 Axes
 + Level 1.7 Maces & Flails
 + Level 1.7 Polearms
 + Level 1.7 Staves
 + Level 1.7 Slings
 + Level 1.7 Bows
 + Level 1.7 Crossbows
 + Level 1.7 Throwing
 + Level 4.9 Armour
 + Level 3.1 Dodging
 + Level 1.7 Stealth
 + Level 1.7 Shields
 + Level 1.7 Unarmed Combat
 + Level 1.7 Spellcasting
 + Level 1.3 Conjurations
 + Level 1.3 Hexes
 + Level 1.3 Summonings
 + Level 1.3 Necromancy
 + Level 1.3 Translocations
 + Level 1.3 Transmutations
 + Level 1.3 Fire Magic
 + Level 1.3 Ice Magic
 + Level 1.3 Air Magic
 + Level 1.3 Earth Magic
 + Level 1.3 Poison Magic
 + Level 2.0 Invocations
 + Level 1.7 Evocations


You had 8 spell levels left.
You didn't know any spells.
Your spell library contained the following spells:

 Spells                   Type           Power      Damage    Failure   Level
 Animate Skeleton         Necr           6%         N/A       22%         1
 Apportation              Tloc           6%         N/A       22%         1
 Corona                   Hex            3%         N/A       22%         1
 Summon Small Mammal      Summ           12%        N/A       22%         1


Dungeon Overview and Level Annotations

Branches:
Dungeon (3/15)

Altars:
Ashenzari
Kikubaaqudgha

Annotations:
D:3 3 runed translucent doors, Sigmund


Innate Abilities, Weirdness & Mutations

You have very sharp teeth.
Your uncanny sense of smell can sniff out nearby items.
Your experience applies equally to all skills.
You are dopey. (Int -2)
You occasionally shout uncontrollably at your foes.
Your muscles are strong. (Str +2)


Message History

You bite Sigmund, but do no damage.
Sigmund is heavily wounded.
Your shadow imp gestures at Sigmund.
Sigmund barely resists.
Sigmund misses your shadow imp.
You hit Sigmund. You burn Sigmund.
Sigmund is severely wounded.
Your shadow imp misses Sigmund.
Sigmund closely misses you.
You hit Sigmund. You freeze Sigmund. You bite Sigmund, but do no damage.
Sigmund is severely wounded.
Your shadow imp hits Sigmund.
Sigmund gestures wildly while chanting.
Sigmund flickers and vanishes!
Deactivating autopickup; reactivate with Ctrl-A.
You barely miss something. You bite something.
Your shadow imp barely misses something.
Something hits you. Something burns you. Something hits your shadow imp.
Something burns your shadow imp.
Your shadow imp dies!
Something hits you. Something burns you.
A puff of flame appears from out of thin air!
The puff of flame hits you.
A puff of flame appears from out of thin air!
The puff of flame misses you.
Something tries to affect you, but you resist.
A puff of flame appears from out of thin air!
The puff of flame hits you. Something hits you!
* * * LOW HITPOINT WARNING * * *
Something burns you.
* * * LOW HITPOINT WARNING * * *
Something barely misses you. Something hits you but does no damage.
A magic dart appears from out of thin air!
The magic dart hits you.
* * * LOW HITPOINT WARNING * * *
Something hits you.
* * * LOW HITPOINT WARNING * * *
Something burns you.
You die... "What!?
That's it?"

##### ####### ....#
#.....# .$..#
######.....# ....#
#....#...@.# ....#
#....#.....# ∆
....####....#.....#
...†#.............##
...)..)............+
#+#†#+##....#####.##
.......###### .#
........... .#
.......#### ##


There were no monsters in sight!

Vanquished Creatures
  Terence (D:3)
  Natasha (thrice) (D:3)
  Robin (D:3)
  A howler monkey skeleton (D:2)
  4 adders
  A worm (D:2)
  A dart slug (D:2)
  An orc (D:3)
  7 ball pythons
  3 endoplasms
  4 giant cockroaches
  12 goblins
  2 hobgoblins (D:3)
  4 jackals (D:2)
  5 quokkas
  5 bats
  A frilled lizard (D:3)
  7 kobolds
  4 rats
67 creatures vanquished.

Vanquished Creatures (collateral kills)
  A dart slug (D:3)
  An orc (D:3)
2 creatures vanquished.

Vanquished Creatures (others)
  9 plants (D:1)
9 creatures vanquished.

Grand Total: 78 creatures vanquished

Notes
Turn   | Place    | Note
-------+----------+-------------------------------------------
     0 | D:1      | PanicHappy the Gnoll Chaos Knight began the quest for the
                  | Orb.
     0 | D:1      | Reached XP level 1. HP: 23/23 MP: 1/1
   172 | D:1      | Reached XP level 2. HP: 25/29 MP: 2/2
   917 | D:2      | Found a faded altar of an unknown god.
   961 | D:2      | XOM: blink monster(s)
   964 | D:2      | Reached XP level 3. HP: 35/35 MP: 3/3
  1013 | D:2      | Reached skill level 1 in Invocations
  1229 | D:2      | Reached skill level 1 in Short Blades
  1229 | D:2      | Reached skill level 1 in Axes
  1229 | D:2      | Reached skill level 1 in Maces & Flails
  1229 | D:2      | Reached skill level 1 in Polearms
  1229 | D:2      | Reached skill level 1 in Staves
  1229 | D:2      | Reached skill level 1 in Slings
  1229 | D:2      | Reached skill level 1 in Bows
  1229 | D:2      | Reached skill level 1 in Crossbows
  1229 | D:2      | Reached skill level 1 in Throwing
  1229 | D:2      | Reached skill level 1 in Stealth
  1229 | D:2      | Reached skill level 1 in Shields
  1229 | D:2      | Reached skill level 1 in Unarmed Combat
  1229 | D:2      | Reached skill level 1 in Spellcasting
  1229 | D:2      | Reached skill level 1 in Evocations
  1238 | D:2      | Reached XP level 4. HP: 22/41 MP: 5/5
  1377 | D:2      | XOM: silly message
  1443 | D:2      | Found an ancient bone altar of Kikubaaqudgha.
  1601 | D:2      | XOM: noise
  1662 | D:2      | XOM: cast spell 'Summon Small Mammal'
  1760 | D:3      | Noticed Natasha
  1767 | D:3      | Killed Natasha
  1768 | D:3      | Reached skill level 1 in Conjurations
  1768 | D:3      | Reached skill level 1 in Hexes
  1768 | D:3      | Reached skill level 1 in Summonings
  1768 | D:3      | Reached skill level 1 in Necromancy
  1768 | D:3      | Reached skill level 1 in Translocations
  1768 | D:3      | Reached skill level 1 in Transmutations
  1768 | D:3      | Reached skill level 1 in Fire Magic
  1768 | D:3      | Reached skill level 1 in Ice Magic
  1768 | D:3      | Reached skill level 1 in Air Magic
  1768 | D:3      | Reached skill level 1 in Earth Magic
  1768 | D:3      | Reached skill level 1 in Poison Magic
  1774 | D:3      | Found a runed translucent gate.
  1775 | D:3      | Found a runed translucent gate.
  1787 | D:3      | Reached XP level 5. HP: 38/47 MP: 6/6
  1905 | D:3      | Noticed Natasha
  1919 | D:3      | XOM: potion effect (brilliance)
  1920 | D:3      | Killed Natasha
  1993 | D:3      | Noticed Natasha
  2005 | D:3      | Killed Natasha
  2006 | D:3      | Found a runed translucent gate.
  2114 | D:3      | Noticed Terence
  2128 | D:3      | XOM: butterfly on damage
  2129 | D:3      | Killed Terence
  2425 | D:3      | Noticed Robin
  2443 | D:3      | Killed Robin
  2455 | D:3      | Reached XP level 6. HP: 33/53 MP: 8/8
  2558 | D:3      | XOM: give mutations
  2558 | D:3      | Gained mutation: You occasionally shout uncontrollably at
                  | your foes. [Xom's mischief]
  2558 | D:3      | Gained mutation: Your muscles are strong. (Str +2) [Xom's
                  | mischief]
  2558 | D:3      | Gained mutation: You are dopey. (Int -2) [Xom's mischief]
  2605 | D:3      | Found a broken altar of Ashenzari.
  2727 | D:3      | XOM: 6-stop teleportation journey
  2728 | D:3      | Noticed Sigmund
  2736 | D:3      | XOM: enchant monster (good)
  2739 | D:3      | XOM: summons friendly shadow imp
  2808 | D:3      | HP: 2/53 [something/magic dart (6)]
  2811 | D:3      | Slain by Sigmund

Illustrated notes

Levels and vault maps discovered:
D:1:      roderic_crop_circles_arrival_small, layout_loops_cross,
          minmay_misc_feat_hallway
D:2:      layout_loops_cross, basic_altar, shapermc_ecumenical_altar_pompeii,
          minmay_misc_feat_four_crosses
D:3:      layout_basic, mainiacjoe_overflow_alcove_2, gammafunk_ghost_cemetery,
          hangedman_decor_growths, uniq_natasha, uniq_sigmund,
          uniq_crazy_yiuf_cottage, uniq_robin, uniq_terence

Skill      XL: |  1  2  3  4  5  6 |
---------------+-------------------+-----
Invocations    | 1 2 |  2.0
Short Blades   | 1 |  1.7
Axes           | 1 |  1.7
Maces & Flails | 1 |  1.7
Polearms       | 1 |  1.7
Staves         | 1 |  1.7
Slings         | 1 |  1.7
Bows           | 1 |  1.7
Crossbows      | 1 |  1.7
Throwing       | 1 |  1.7
Stealth        | 1 |  1.7
Shields        | 1 |  1.7
Unarmed Combat | 1 |  1.7
Spellcasting   | 1 |  1.7
Evocations     | 1 |  1.7
Conjurations   | 1 |  1.3
Hexes          | 1 |  1.3
Summonings     | 1 |  1.3
Necromancy     | 1 |  1.3
Translocations | 1 |  1.3
Transmutations | 1 |  1.3
Fire Magic     | 1 |  1.3
Ice Magic      | 1 |  1.3
Air Magic      | 1 |  1.3
Earth Magic    | 1 |  1.3
Poison Magic   | 1 |  1.3
Dodging        | 3 |  3.1
Fighting       | |  6.7
Long Blades    | |  6.7
Armour         | |  4.9

Action                   |  1- 3 |  4- 6 || total
-------------------------+-------+-------++-------
Melee: Falchion          |   112 |   108 ||   220
       Bite              |     5 |    13 ||    18
 Stab: Sleeping          |     1 |     1 ||     2
       Paralysed         |       |     1 ||     1
Armor: Leather armour    |    40 |    39 ||    79
Dodge: Dodged            |    78 |    90 ||   168
       Rpst.: Falchion   |    27 |    21 ||    48
